 Dungeon Crawl Stone Soup version 0.28.0-1-gb440e238dd (webtiles) character file.

Game seed: 15903000886791488850

506 cbfl8 the Skirmisher (level 6, -12/56 HPs)
             Began as a Minotaur Delver on Feb 28, 2022.
             Mangled by a yellow draconian (17 damage)
             ... on level 1 of the Abyss.
             The game lasted 00:05:50 (3757 turns).

cbfl8 the Skirmisher (Minotaur Delver)              Turns: 3757, Time: 00:05:51

Health: -12/56     AC: 11    Str: 22    XL:     6   Next: 97%
Magic:  5/5        EV:  7    Int:  7    God:
Gold:   104        SH:  0    Dex: 11    Spells: 5/5 levels left

rFire   + . .      SeeInvis +   j - +12 mace "Gylao" {flame, Str+3}
rCold   + . .      Faith    .   (no shield)
rNeg    . . .      Spirit   .   p - +0 plate armour
rPois   +          Reflect  .   (helmet restricted)
rElec   .          Harm     .   v - scarf {rC+ rF+}
rCorr   .          Rampage  .   (no gloves)
Will    .....                   (no boots)
Stlth   ..........              (no amulet)
HPRegen 0.18/turn               h - ring of see invisible
MPRegen 0.09/turn               s - ring of poison resistance

@: no status effects
A: horns 2, retaliatory headbutt
a: no special abilities


You were on level 1 of the Abyss.
You visited 2 branches of the dungeon, and saw 5 of its levels.
You visited the Abyss 1 time.

You collected 104 gold pieces.

Inventory:

Hand Weapons
 a - a +0 hand axe
 j - the +12 mace "Gylao" (weapon) {flame, Str+3}
   (You found it on level 4 of the Dungeon)

   It burns those it strikes, dealing additional fire damage.
   Str:       It affects your strength (+3).
Armour
 b - a +0 leather armour
 p - a +0 plate armour (worn)
 v - a scarf of resistance (worn)
Jewellery
 h - a ring of see invisible (left hand)
 l - a ring of see invisible
 s - a ring of poison resistance (right hand)
Wands
 g - a wand of digging (3)
 w - a wand of acid (10)
Scrolls
 c - a scroll of fog
 d - a scroll of magic mapping
 k - a scroll of brand weapon {unknown}
 m - a scroll of immolation {unknown}
 n - a scroll of noise {unknown}
 q - 5 scrolls of identify {unknown}
 t - 2 scrolls of teleportation {unknown}
 u - a scroll of blinking {unknown}
Potions
 o - a potion of attraction {unknown}
 r - a potion of degeneration {unknown}


   Skills:
 + Level 5.5 Fighting
 + Level 2.8(4.2) Axes
 + Level 4.8(5.2) Maces & Flails
 + Level 3.6 Armour
 + Level 2.6 Dodging
 + Level 4.9 Stealth


You had 5 spell levels left.
You didn't know any spells.
Your spell library was empty.

Dungeon Overview and Level Annotations

Branches:
Dungeon (5/15)             Temple (1/1) D:4

Altars:
Ashenzari
Cheibriados
Dithmenos
Elyvilon
Fedhas
Kikubaaqudgha
Makhleb
Nemelex Xobeh
Ru
Sif Muna
Uskayaw
Vehumet
Xom

Annotations:
D:4 Eustachio


Innate Abilities, Weirdness & Mutations

You have a pair of horns on your head.
You reflexively headbutt those who attack you in melee.


Message History

You hit the small abomination. You burn the small abomination.
You destroy the small abomination!
That felt strangely unrewarding.
You hit the small abomination. You burn the small abomination.
The small abomination is lightly damaged.
The small abomination hits you but does no damage.
You barely miss the small abomination.
Your headbutt misses the small abomination.
The small abomination is lightly damaged.
The small abomination hits you!
* * * LOW HITPOINT WARNING * * *
You thump the small abomination! You burn the small abomination.
You headbutt the small abomination!
The small abomination is almost destroyed.
You sock the small abomination! You burn the small abomination.
You destroy the small abomination!
That felt strangely unrewarding.
It would have no effect in this place.
Your extra speed is starting to run out.
You start resting.
You feel yourself slow down.
You start resting.
A yellow draconian comes into view. It is wielding a +0 long sword.
A yellow draconian is nearby!
The yellow draconian roars!
You start resting.
A yellow draconian is nearby!
The yellow draconian completely misses you.
The yellow draconian hits you with a +0 long sword.
You barely miss the yellow draconian. The yellow draconian spits acid at you.
The glob of acid hits you!!
* * * LOW HITPOINT WARNING * * *
The hell hound barks!
You hit the yellow draconian but do no damage.
You headbutt the yellow draconian!
The yellow draconian is lightly wounded.
You hear a shout!
The yellow draconian hits you with a +0 long sword!
You die...

### #...#
##..
#########.#
.........@#
. ....###d#
....# #.#
......###.##
. . ...d
.h..# #
.#...#.### #
. .... ## .
. #'# . . .
. # . . # .


You could see a yellow draconian (catching breath) and a hell hound.

Vanquished Creatures
  A steam dragon (D:4)
  A centaur (D:4)
  A bullfrog (D:4)
  2 small abominations (Abyss:1)
  A hound (D:4)
  An iguana (D:4)
  An orc wizard (D:3)
  A hound skeleton (D:5)
  8 adders
  An ufetubus (D:4)
  2 worms
  2 dart slugs (D:3)
  8 orcs (D:3)
  6 ball pythons
  5 endoplasms
  3 goblins
  4 hobgoblins
  4 kobolds
  A quokka (D:2)
  5 bats
  3 frilled lizards
  8 rats
69 creatures vanquished.

Vanquished Creatures (others)
  A small abomination (Abyss:1)
  A bush (Abyss:1)
2 creatures vanquished.

Grand Total: 71 creatures vanquished

Notes
Turn   | Place    | Note
-------+----------+-------------------------------------------
     0 | D:5      | cbfl8 the Minotaur Delver began the quest for the Orb.
     0 | D:5      | Reached XP level 1. HP: 19/19 MP: 0/0
    13 | D:5      | Noticed a hound
    31 | D:5      | Reached skill level 4 in Fighting
    31 | D:5      | Reached XP level 2. HP: 22/27 MP: 1/1
   178 | D:4      | Found a staircase to the Ecumenical Temple.
   187 | Temple   | Entered the Ecumenical Temple
   270 | D:4      | Identified the +12 mace "Gylao" {flame, Str+3}
   285 | D:4      | Noticed Eustachio
   289 | D:4      | Reached XP level 3. HP: 26/33 MP: 2/2
   565 | D:3      | Reached skill level 1 in Armour
   569 | D:3      | Reached XP level 4. HP: 33/41 MP: 3/3
   916 | D:2      | Found a faded altar of an unknown god.
  1465 | D:2      | Reached skill level 1 in Maces & Flails
  1947 | D:3      | Reached XP level 5. HP: 41/47 MP: 4/4
  2801 | D:4      | Noticed a steam dragon
  2807 | D:4      | Killed a steam dragon
  2808 | D:4      | Reached skill level 5 in Fighting
  2808 | D:4      | Reached XP level 6. HP: 43/56 MP: 5/5
  3562 | D:4      | HP: 1/56 [Eustachio (11)]
  3564 | D:4      | Cast into level 1 of the Abyss (Eustachio)
  3602 | Abyss:1  | Noticed a hell hound
  3616 | Abyss:1  | Noticed a hell hound
  3726 | Abyss:1  | Killed a small abomination
  3745 | Abyss:1  | Noticed a yellow draconian
  3757 | Abyss:1  | Mangled by a yellow draconian

Illustrated notes

Levels and vault maps discovered:
D:2:      layout_basic, nicolae_ecumenical_pavilion, patterned_corridor
D:3:      minmay_chambers_of_twos, layout_basic
D:4:      layout_basic, minmay_temple_entry_wispy, serial_shops, shop,
          minmay_hedge_maze, uniq_eustachio
D:5:      layout_basic, bloody_trog
Temple:   nicolae_temple_god_jail
Abyss:1:  base:
D:5

Skill      XL: |  1  2  3  4  5  6 |
---------------+-------------------+-----
Fighting       | 4 5 |  5.5
Armour         | 1 2 3 |  3.6
Maces & Flails | 1 3 4 |  4.8
Axes           | |  2.8
Dodging        | |  2.6
Stealth        | |  4.9

Action                   |  1- 3 |  4- 6 || total
-------------------------+-------+-------++-------
Melee: Hand axe          |     6 |       ||     6
       Mace              |    15 |   105 ||   120
       Headbutt          |     1 |     8 ||     9
  Use: Potion            |       |     3 ||     3
       Scroll            |       |     1 ||     1
 Stab: Sleeping          |     1 |       ||     1
Armor: Leather armour    |    12 |     3 ||    15
       Plate armour      |       |    77 ||    77
Dodge: Dodged            |    30 |    44 ||    74
